 Dungeon Crawl Stone Soup version 0.23-a0-175-g97aacdb306 (webtiles) character file.

5085 Jesh the Unseen (level 10, -4/48 HPs)
             Began as a Spriggan Enchanter on Sept 16, 2018.
             Was a Follower of Dithmenos.
             Slain by Gastronok (32 damage)
             ... on level 8 of the Dungeon.
             The game lasted 00:30:07 (12839 turns).

Jesh the Unseen (Spriggan Enchanter)               Turns: 12839, Time: 00:30:08

Health: -4/48      AC:  8    Str: 11    XL:     10   Next: 31%
Magic:  5/21       EV: 22    Int: 22    God:    Dithmenos [*.....]
Gold:   104        SH:  0    Dex: 18    Spells: 8/23 levels left

rFire    . . .     SeeInvis +   n - +5 rapier (flame)
rCold    + . .     Gourm    .   (shield restricted)
rNeg     . . .     Faith    .   b - +1 robe
rPois    .         Spirit   .   (helmet restricted)
rElec    .         Reflect  .   t - +1 cloak {+Inv}
rCorr    .         Harm     .   (gloves unavailable)
MR       +....                  (boots unavailable)
Stlth    +++++++...             k - amulet of the acrobat
HPRegen  0.16/turn              p - +3 ring of protection
MPRegen  0.17/turn              z - ring of protection from cold

@: mighty, brilliant, slowed, wreathed by umbra, drained, quick
A: very small, unfitting armour, see invisible, herbivore, speed 3, slow
metabolism 2
a: Renounce Religion, Evoke Invisibility


You were on level 8 of the Dungeon.
You worshipped Dithmenos.
Dithmenos was aware of your devotion.
You were not hungry.

You visited 2 branches of the dungeon, and saw 9 of its levels.

You collected 580 gold pieces.
You spent 476 gold pieces at shops.

Inventory:

Hand Weapons
 n - a +5 rapier of flaming (weapon)
Missiles
 y - a throwing net (quivered)
Armour
 b - a +1 robe (worn)
 t - a +1 cloak of invisibility (worn)
Jewellery
 k - an amulet of the acrobat (around neck)
 p - a +3 ring of protection (left hand)
 z - a ring of protection from cold (right hand)
Wands
 m - a wand of random effects (31)
 r - a wand of polymorph (13)
 w - a wand of flame (21)
Scrolls
 h - 2 scrolls of fear
 l - 2 scrolls of magic mapping
 o - 2 scrolls of remove curse
 q - a scroll of immolation
 v - 3 scrolls of teleportation
 x - a scroll of amnesia
 A - 2 scrolls of identify
Potions
 a - a potion of magic {unknown}
 c - a potion of flight
 e - a potion of invisibility {unknown}
 f - 2 potions of might
 g - a potion of ambrosia
 j - 2 potions of resistance {unknown}
 s - a potion of agility {unknown}
 u - a potion of brilliance
Comestibles
 d - 7 rations


   Skills:
 + Level 2.9 Fighting
 + Level 4.2 Short Blades
 + Level 6.2(6.1) Dodging
 + Level 16.1 Stealth
 + Level 7.1(7.0) Spellcasting
 + Level 7.5 Hexes
 + Level 4.5(4.4) Evocations


You had 8 spell levels left.
You knew the following spells:

 Your Spells              Type           Power        Failure   Level  Hunger
a - Ensorcelled Hibernat  Hex/Ice        #####.       1%          2    None
b - Corona                Hex            ######.      1%          1    None
c - Confuse               Hex            ######..     1%          3    None
d - Tukima's Dance        Hex            ######..     1%          3    None
e - Dazzling Spray        Conj/Hex       #####.       1%          3    None
f - Spectral Weapon       Hex/Chrm       #####...     1%          3    None

Your spell library contained the following spells:

 Spells                   Type           Power        Failure   Level  Hunger
 Infusion                 Chrm           ###.         1%          1    None
 Sandblast                Erth           ###...       1%          1    None
 Passwall                 Tmut/Erth      ###.....     1%          2    None
 Shroud of Golubria       Chrm/Tloc      ###.......   1%          2    None
 Song of Slaying          Chrm           ###.....     1%          2    None
 Regeneration             Chrm/Necr      ###.......   3%          3    None
 Stone Arrow              Conj/Erth      ###...       3%          3    None
 Petrify                  Tmut/Erth      ###.....     10%         4    ###....
 Lee's Rapid Deconstruct  Erth           ###.......   22%         5    #####..


Dungeon Overview and Level Annotations

Branches:
Dungeon (8/15)             Temple (1/1) D:7
   Lair: D:8-11

Altars:
Ashenzari
Cheibriados
Dithmenos
Elyvilon
Fedhas
Gozag
Hepliaklqana
Kikubaaqudgha
Makhleb
Nemelex Xobeh
Okawaru
Qazlal
Ru
Sif Muna
Trog
Uskayaw
Vehumet
Wu Jian
Xom
Yredelemnul
Zin
The Shining One
Beogh

Shops:
D:7 (?:=

Annotations:
D:8 Gastronok


Innate Abilities, Weirdness & Mutations

You are very small and have problems with some larger weapons.
You are too small for most types of armour.
You have supernaturally acute eyesight. (SInv)
You are a herbivore.
You cover ground extremely quickly.
You need to consume almost no food.


Message History

You feel much better.
You barely miss Gastronok.
Gastronok is heavily wounded.
Gastronok barely misses you.
You puncture Gastronok! You burn Gastronok.
Gastronok is heavily wounded.
Gastronok bites you!
You puncture Gastronok! You burn Gastronok.
Gastronok is heavily wounded.
You puncture Gastronok! You burn Gastronok.
Gastronok is severely wounded.
Gastronok bubbles merrily.
You puncture Gastronok! You burn Gastronok.
Gastronok is severely wounded.
Gastronok barely misses you.
You puncture Gastronok! You burn Gastronok.
Gastronok is almost dead.
Gastronok bites you!!
Ouch! That really hurt!
You die...

######## #......#
#......# #. #......#
#.. #...?..### #.#
#......w.### #.#
#...?..#@..## #.#
#......###..######.#
#(.....# ##......#.#
#......# ######...#
###.#### #.†..## #.
#.##..### #
##.###...### ####.##
#..# ###....
##.....## #.## #####


You could see Gastronok.

Vanquished Creatures
  Pikel (D:5)
  The ghost of Necrophagist the Charmwright, a novice GnSk of Sif Muna (D:6)
  Grinder (D:5)
  Prince Ribbit (D:8)
  A hippogriff (D:7)
  Sigmund (D:2)
  Eustachio (D:5)
  Menkaure (D:4)
  A hungry ghost (D:8)
  Edmund (D:4)
  Duvessa (D:4)
  2 orc warriors
  An ice beast (D:7)
  A slave (D:5)
  6 ogres
  3 bullfrogs
  2 scorpions
  Dowan (D:4)
  8 killer bees (D:7)
  3 wights (D:8)
  3 howler monkeys
  3 electric eels (D:6)
  3 crimson imps
  2 centaur zombies (D:8)
  3 hounds
  A bullfrog zombie (D:7)
  2 jellies
  3 orc priests (D:6)
  2 centaur skeletons (D:4)
  6 orc wizards
  Crazy Yiuf (D:4)
  A bullfrog skeleton (D:6)
  2 iguanas (D:5)
  4 worker ants
  A hound skeleton (D:6)
  A howler monkey zombie (D:7)
  6 gnolls
  6 adders
  2 howler monkey skeletons
  2 shadow imps
  2 adder skeletons
  3 worms
  2 dart slugs
  4 leopard geckos
  28 orcs
  2 ball pythons
  7 bats
  5 giant cockroaches
  11 goblins
  7 hobgoblins
  12 jackals
  3 quokkas
  A ball python zombie (D:6)
  5 frilled lizards
  9 kobolds
  A leopard gecko skeleton (D:8)
  A quokka zombie (D:7)
  10 rats
205 creatures vanquished.

Vanquished Creatures (collateral kills)
  A gnoll (D:3)
1 creature vanquished.

Vanquished Creatures (others)
  A slave (D:5)
  An orc (D:8)
  A frilled lizard (D:1)
3 creatures vanquished.

Grand Total: 209 creatures vanquished

Notes
Turn   | Place    | Note
-------+----------+-------------------------------------------
     0 | D:1      | Jesh the Spriggan Enchanter began the quest for the Orb.
     0 | D:1      | Reached XP level 1. HP: 9/9 MP: 5/5
   290 | D:1      | Reached XP level 2. HP: 10/13 MP: 5/7
   311 | D:1      | Learned a level 2 spell: Ensorcelled Hibernation
  1130 | D:1      | Reached XP level 3. HP: 16/16 MP: 9/9
  1135 | D:1      | Learned a level 3 spell: Confuse
  1139 | D:1      | Learned a level 3 spell: Tukima's Dance
  2017 | D:2      | Found an ornate altar of the Wu Jian Council.
  2117 | D:2      | Found a hazy altar of Hepliaklqana.
  2122 | D:2      | Noticed Sigmund
  2145 | D:2      | Killed Sigmund
  2145 | D:2      | Reached skill level 5 in Spellcasting
  2145 | D:2      | Reached skill level 5 in Hexes
  2145 | D:2      | Reached XP level 4. HP: 19/21 MP: 1/12
  2145 | D:2      | Reached XP level 5. HP: 22/24 MP: 1/13
  2266 | D:2      | Found a burning altar of Makhleb.
  2474 | D:2      | Reached skill level 5 in Stealth
  3200 | D:3      | Learned a level 3 spell: Dazzling Spray
  3395 | D:3      | Reached XP level 6. HP: 23/28 MP: 1/15
  3416 | D:3      | Reached skill level 6 in Stealth
  3592 | D:3      | Reached skill level 7 in Stealth
  3794 | D:3      | Found a shattered altar of Ashenzari.
  3943 | D:3      | Found a deep blue altar of Sif Muna.
  4021 | D:3      | Reached skill level 8 in Stealth
  4708 | D:3      | Found an opulent altar of Gozag.
  5064 | D:4      | Noticed Dowan
  5064 | D:4      | Noticed Duvessa
  5091 | D:4      | Killed Dowan
  5091 | D:4      | Reached XP level 7. HP: 32/32 MP: 1/16
  5303 | D:4      | Reached skill level 9 in Stealth
  5396 | D:4      | Found a glowing silver altar of Zin.
  5535 | D:5      | Entered Level 5 of the Dungeon
  5853 | D:4      | Killed Duvessa
  5853 | D:4      | Reached skill level 10 in Stealth
  6355 | D:4      | Noticed Edmund
  6402 | D:4      | Killed Edmund
  6402 | D:4      | Reached skill level 11 in Stealth
  6599 | D:4      | Noticed Menkaure
  6602 | D:4      | Reached skill level 12 in Stealth
  6602 | D:4      | Reached XP level 8. HP: 36/36 MP: 17/17
  7109 | D:5      | Noticed Eustachio
  7114 | D:5      | Killed Eustachio
  7173 | D:5      | Noticed Pikel
  7179 | D:5      | Killed Pikel
  7179 | D:5      | Reached skill level 14 in Stealth
  7311 | D:5      | Noticed Grinder
  7324 | D:5      | Killed Grinder
  7324 | D:5      | Reached skill level 15 in Stealth
  7637 | D:5      | Reached XP level 9. HP: 39/39 MP: 18/18
  7680 | D:4      | Killed Menkaure
  7941 | D:4      | Found a runed door.
  7945 | D:4      | Noticed Crazy Yiuf
  7949 | D:4      | Killed Crazy Yiuf
  8115 | D:6      | Reached skill level 1 in Fighting
  8256 | D:6      | Found a bloodstained altar of Trog.
  8352 | D:6      | Reached skill level 1 in Evocations
  8636 | D:6      | Found a radiant altar of Vehumet.
  8908 | D:6      | Found a runed gate.
  8910 | D:6      | Found a runed gate.
  8911 | D:6      | Found a runed gate.
  8913 | D:6      | Noticed Necrophagist's ghost (novice GnSk)
  8914 | D:6      | Found a roughly hewn altar of Beogh.
  9803 | D:6      | Killed Necrophagist's ghost
  9977 | D:7      | Found Gail's Magic Scroll Emporium.
  9986 | D:7      | Bought a scroll of brand weapon for 280 gold pieces
  9987 | D:7      | Bought a scroll of enchant weapon for 105 gold pieces
  9990 | D:7      | Bought a scroll of magic mapping for 49 gold pieces
  9990 | D:7      | Bought a scroll of teleportation for 42 gold pieces
 10037 | D:7      | Found a staircase to the Ecumenical Temple.
 10058 | D:7      | Reached skill level 5 in Dodging
 10081 | Temple   | Entered the Ecumenical Temple
 11507 | D:7      | Found Ixithic's Antique Weapon Shoppe.
 11554 | D:7      | Found a hide-covered altar of Uskayaw.
 11561 | D:7      | Reached XP level 10. HP: 47/47 MP: 21/21
 11587 | D:7      | Found Jicaihob's Jewellery Shoppe.
 11760 | D:7      | Reached skill level 16 in Stealth
 11837 | D:7      | Found Acusaen's Book Emporium.
 11857 | D:7      | Found a basalt altar of Yredelemnul.
 11857 | D:7      | Found a shadowy altar of Dithmenos.
 11862 | D:7      | Became a worshipper of Dithmenos the Shadowed
 12180 | D:8      | Learned a level 3 spell: Spectral Weapon
 12429 | D:8      | Found an iron altar of Okawaru.
 12565 | D:8      | Noticed Prince Ribbit
 12577 | D:8      | Killed Prince Ribbit
 12810 | D:8      | Noticed Gastronok
 12822 | D:8      | Reached * piety under Dithmenos
 12839 | D:8      | Slain by Gastronok

Vault maps used:
D:1:      ncdulo_halloftheorcs
D:2:      old_standard_altar, overflow_temple_1_default, lemuel_round_altar,
          uniq_sigmund
D:3:      nicolae_overflow_crystal_walls, lemuel_blue_sif_altar,
          lemuel_round_altar, hangedman_decor_growths
D:4:      zin_academy, kennysheep_generic_room_13, uniq_edmund,
          uniq_crazy_yiuf_cottage, uniq_menkaure, uniq_duvessa
D:5:      first_ration, roderic_serpentine_path, uniq_pikel, uniq_grinder,
          uniq_eustachio
D:6:      kennysheep_mini, vehumet_altar_wand_db, biasface_ghost_orc_armoury,
          hangedman_decor_lopped, serial_bayou_ford_a
D:7:      eat_drink_and_be_merry_uskayaw, gammafunk_temple_overflow_wave,
          minmay_temple_entry_butterflies, serial_shops, shop, shop,
          shop_scrolls, nicolae_shop_crystal, serial_park_tiny_2
D:8:      okawaru_trees_1, uniq_grum, uniq_gastronok, uniq_prince_ribbit1
Temple:   compressed_dpeg_triangle_lava_temple

Skill      XL: |  1  2  3  4  5  6  7  8  9 10 |
---------------+-------------------------------+-----
Spellcasting   | 3 5 6 7 |  7.1
Hexes          | 4 5 6 7 |  7.5
Stealth        | 5 8 12 15 16 | 16.1
Fighting       | 2 |  2.9
Evocations     | 3 4 |  4.5
Short Blades   | 3 4 |  4.2
Dodging        | 5 6 |  6.2

Action                   |  1- 3 |  4- 6 |  7- 9 | 10-12 || total
-------------------------+-------+-------+-------+-------++-------
Melee: Dagger            |   168 |   154 |    26 |       ||   348
       Short sword       |       |       |    44 |       ||    44
       Rapier            |       |       |   141 |    82 ||   223
 Cast: Corona            |    13 |       |       |       ||    13
       Ensorcelled Hiber |    20 |    29 |    50 |    11 ||   110
       Confuse           |     1 |     9 |    23 |    11 ||    44
       Dazzling Spray    |       |     5 |    16 |     2 ||    23
       Tukima's Dance    |       |     2 |     2 |       ||     4
 Abil: Evoke Invisibilit |       |       |     1 |     1 ||     2
Evoke: Wand              |       |       |     1 |       ||     1
  Use: Scroll            |     7 |     5 |     9 |       ||    21
       Potion            |     1 |     1 |     4 |     3 ||     9
 Stab: Sleeping          |    17 |    23 |    44 |    15 ||    99
       Confused          |     1 |     2 |    11 |     1 ||    15
       Distracted        |       |     1 |     3 |     1 ||     5
       Invisible         |       |       |     2 |     4 ||     6
  Eat: Ration            |       |     2 |     5 |     1 ||     8
Armor: Robe              |    24 |    10 |    31 |     9 ||    74
       Skin              |       |    17 |       |       ||    17
Dodge: Dodged            |   181 |   104 |   198 |   106 ||   589

Table legend:
 A = Non-vault XP
 B = Vault XP
 C = Vault XP percentage of total XP
 D = Non-vault monster count
 E = Vault monster count
 F = Vault count percentage of total count
                 A         B        C        D         E       F
            +---------+---------+-------+---------+---------+-------
      Total |    4400 |    2865 |  39.4 |     184 |      21 |  10.2
            +---------+---------+-------+---------+---------+-------
        D:1 |      45 |       0 |   0.0 |      28 |       0 |   0.0
        D:2 |      79 |     223 |  73.8 |      29 |       1 |   3.3
        D:3 |     323 |       0 |   0.0 |      31 |       0 |   0.0
        D:4 |     475 |     599 |  55.8 |      12 |       6 |  33.3
        D:5 |     264 |    1109 |  80.8 |      11 |       3 |  21.4
        D:6 |     701 |     651 |  48.2 |      22 |      10 |  31.2
        D:7 |    1476 |       0 |   0.0 |      30 |       0 |   0.0
        D:8 |    1037 |     283 |  21.4 |      21 |       1 |   4.5
            +---------+---------+-------+---------+---------+-------
